 Dungeon Crawl Stone Soup version 0.23.2 (webtiles) character file.

Game seed: 3264216426469470938

134 Kinoniko the Charmwright (level 4, 0/34 HPs)
             Began as a Demonspawn Skald on Apr 3, 2019.
             Was an Initiate of Yredelemnul.
             Slain by a worm (5 damage)
             ... on level 3 of the Dungeon.
             The game lasted 00:07:48 (2656 turns).

Kinoniko the Charmwright (Demonspawn Skald)         Turns: 2656, Time: 00:07:49

Health: 0/34       AC:  6    Str: 12    XL:     4   Next: 95%
Magic:  3/7        EV: 12    Int: 14    God:    Yredelemnul [......]
Gold:   130        SH:  0    Dex: 13    Spells: 6/7 levels left

rFire    . . .     SeeInvis .   g - +1 whip (freeze)
rCold    . . .     Gourm    .   (no shield)
rNeg     . . .     Faith    .   b - +0 leather armour
rPois    .         Spirit   .   (helmet restricted)
rElec    .         Reflect  .   (no cloak)
rCorr    .         Harm     .   m - +0 pair of gloves
MR       .....                  (no boots)
Stlth    +.........             (no amulet)
HPRegen  0.11/turn              (no ring)
MPRegen  0.10/turn              (no ring)

@: lethally poisoned (0 -> -3)
A: antennae 1, slimy green scales 1
a: Renounce Religion


You were on level 3 of the Dungeon.
You worshipped Yredelemnul.
Yredelemnul was noncommittal.
You were not hungry.

You visited 1 branch of the dungeon, and saw 3 of its levels.

You collected 130 gold pieces.

Inventory:

Hand Weapons
 a - a +0 falchion
 c - a +0 whip
 f - a +1 dagger of venom
 g - a +1 whip of freezing (weapon)
Armour
 b - a +0 leather armour (worn)
 m - a +0 pair of gloves (worn)
Jewellery
 i - an uncursed ring of poison resistance {unknown}
Potions
 e - a potion of haste
 h - a potion of degeneration {unknown}
 j - a potion of resistance {unknown}
 k - 2 potions of heal wounds {unknown}
Comestibles
 d - 3 rations


   Skills:
 + Level 2.5 Fighting
 - Level 1.7 Long Blades
 * Level 2.1 Maces & Flails
 * Level 1.6 Armour
 * Level 2.4 Dodging
 + Level 0.1 Stealth
 + Level 2.1 Spellcasting
 + Level 3.4 Charms


You had 6 spell levels left.
You knew the following spells:

 Your Spells              Type           Power        Failure   Level  Hunger
a - Infusion              Chrm           ##..         7%          1    ##.....

Your spell library contained the following spells:

 Spells                   Type           Power        Failure   Level  Hunger
 Song of Slaying          Chrm           ##......     11%         2    ###....
 Shroud of Golubria       Chrm/Tloc      #.........   22%         2    ###....
 Regeneration             Chrm/Necr      #.........   41%         3    ####...
 Spectral Weapon          Hex/Chrm       #.......     41%         3    ####...


Dungeon Overview and Level Annotations

Branches:
Dungeon (3/15)

Altars:
Ashenzari
Yredelemnul


Innate Abilities, Weirdness & Mutations

You have a pair of small antennae on your head.
You are partially covered in slimy green scales. (AC +2)


Message History

You kill the adder!
Yredelemnul accepts your kill.
You feel sick. The worm barely misses you.
Things that are here:
an adder corpse x2
You hit the worm. You freeze the worm.
The worm is lightly wounded.
The worm misses you.
You completely miss the worm.
The worm is lightly wounded.
You hit the worm. You freeze the worm.
The worm is heavily wounded.
You feel sick. The worm closely misses you.
You hit the worm. You freeze the worm.
The worm is severely wounded.
You hit the worm. You freeze the worm.
The worm is almost dead.
You feel sick. The worm bites you.
You die...
Your body rises from the dead as a mindless zombie.

#. .#.# #. .#.
. #. ..
#.####.##.# #
#.........#.#
............#
.....S......#
#######.....##
#....@wK.......
#.#############
#.# #.##.#
###### #.##.#
....^# #.##.#
####.# #.##.#
..##.# #.##.#
..##.# #.##.#


You could see a worm and a kobold.

Vanquished Creatures
  Robin (D:2)
  6 adders
  A shadow imp (D:2)
  A worm (D:2)
  A leopard gecko (D:1)
  2 giant cockroaches
  18 goblins
  7 hobgoblins
  8 kobolds
  3 bats (D:1)
  5 frilled lizards
  2 gnoll zombies (D:2)
  3 rats (D:1)
58 creatures vanquished.

Notes
Turn   | Place    | Note
-------+----------+-------------------------------------------
     0 | D:1      | Kinoniko the Demonspawn Skald began the quest for the Orb.
     0 | D:1      | Reached XP level 1. HP: 16/16 MP: 3/3
    46 | D:1      | Reached skill level 3 in Charms
   444 | D:1      | Gained mutation: You are partially covered in slimy green
                  | scales. (AC +2) [demonic ancestry]
   444 | D:1      | Reached XP level 2. HP: 20/22 MP: 5/5
   837 | D:1      | Reached skill level 1 in Maces & Flails
  1348 | D:1      | Reached XP level 3. HP: 27/27 MP: 2/6
  1548 | D:2      | Reached skill level 1 in Armour
  2018 | D:2      | Noticed Robin
  2035 | D:2      | Gained mutation: You have a pair of small antennae on your
                  | head. [demonic ancestry]
  2035 | D:2      | Reached XP level 4. HP: 34/34 MP: 0/7
  2061 | D:2      | Killed Robin
  2147 | D:2      | Found a faded altar of an unknown god.
  2212 | D:2      | Found a shattered altar of Ashenzari.
  2448 | D:2      | Found a basalt altar of Yredelemnul.
  2457 | D:2      | Became a worshipper of Yredelemnul the Dark
  2656 | D:3      | Slain by a worm

Skill      XL: |  1  2  3  4 |
---------------+-------------+-----
Charms         | 3 |  3.4
Dodging        | 2 |  2.4
Maces & Flails | 1 2 |  2.1
Armour         | 1 |  1.6
Fighting       | |  2.5
Long Blades    | |  1.7
Stealth        | |  0.1
Spellcasting   | |  2.1

Action                   |  1- 3 |  4- 6 || total
-------------------------+-------+-------++-------
Melee: Whip              |   110 |    84 ||   194
       Falchion          |     1 |       ||     1
 Cast: Infusion          |    13 |     8 ||    21
  Use: Scroll            |     4 |     3 ||     7
       Potion            |     1 |       ||     1
  Eat: Ration            |     1 |     1 ||     2
Armor: Leather armour    |    21 |    19 ||    40
Dodge: Dodged            |    68 |    48 ||   116
